Map: [ESL] Hecate

Players

Cure

  • Race: Terran Terran
  • Spawn Location: 1:00

Maru - Winner!

  • Race: Terran Terran
  • Spawn Location: 7:00

Event: IEM Katowice 2024

VOD

Have the link to the VOD?

Description

Time

  • Played on: Feb. 11, 2024, 11:24 a.m.
  • Length: 19:25

All games in this series

Show
View Real Time Build Order
Export as new Build Order

Cure Terran 

Build Orders: Cyclone Opening 

Get SALT Encoding   

  12  0:00  SCV  
  13  0:12  SCV  
  14  0:17  Supply Depot  
  14  0:24  SCV  
  15  0:38  SCV  
  15  0:39  Barracks  
  15  0:42  Refinery  
  16  0:50  SCV  
  16  0:52  Refinery  
  17  1:02  SCV  
  18  1:15  SCV  
  19  1:26  Reaper  
  19  1:27  Orbital Command  
  19  1:32  Supply Depot  
  20  1:42  Factory  
  20  1:52  SCV  
  21  1:58  Reaper  
  22  2:04  SCV  
  23  2:18  Command Center  
  23  2:20  SCV  
  24  2:26  Hellion  
  26  2:32  SCV  
  27  2:38  Starport  
  27  2:41  Barracks Reactor  
  27  2:44  Supply Depot  
  27  2:47  SCV  
  28  2:54  Cyclone  
  30  2:59  SCV  
  31  3:11  SCV  
  31  3:14  Medivac  
  33  3:20  Refinery  
  33  3:24  SCV  
  34  3:27  Barracks Tech Lab  
  34  3:29  Orbital Command  
  34  3:38  Cyclone x2  
  34  3:41  SCV  
  38  3:53  SCV  
  39  3:55  SCV  
  39  3:58  Supply Depot  
  39  4:00  Raven  
  42  4:05  SCV  
  42  4:08  SCV  
  44  4:15  Cyclone x2  
  48  4:17  SCV  
  48  4:20  Interference Matrix, SCV  
  48  4:22  Supply Depot  
  50  4:29  SCV  
  51  4:32  SCV  
  51  4:37  Raven  
  54  4:41  SCV  
  54  4:42  Barracks Tech Lab  
  54  4:44  SCV  
  56  4:55  Command Center, SCV  
  56  4:56  SCV  
  58  5:02  Stimpack, Marine  
  59  5:08  SCV x2  
  59  5:09  Barracks  
  61  5:15  Barracks  
  61  5:18  Supply Depot  
  61  5:19  Marine  
  62  5:22  Siege Tank  
  62  5:23  SCV x2  
  62  5:25  Starport Reactor  
  62  5:26  Refinery  
  67  5:35  SCV x2  
  69  5:37  Marine  
  69  5:38  Engineering Bay  
  69  5:39  Engineering Bay  
  70  5:47  SCV x2  
  72  5:55  Marine  
  72  5:56  Siege Tank  
  76  5:57  Barracks  
  76  5:58  Marine x2  
  76  5:59  Barracks  
  78  6:06  Terran Infantry Weapons Level 1, Terran Infantry Armor Level 1, SCV x2  
  78  6:10  Starport Reactor  
  80  6:11  Marine x2  
  80  6:14  Marine  
  83  6:18  SCV  
  83  6:19  Orbital Command, SCV  
  85  6:26  Marine x2  
  85  6:29  Marine x2  
  85  6:31  Siege Tank  
  85  6:32  Marine  
  93  6:33  Missile Turret  
  93  6:34  Supply Depot  
  93  6:42  Supply Depot  
  93  6:46  Barracks Reactor  
  93  6:47  Barracks Reactor  
  93  6:56  Medivac, Marine x3, SCV x3  
  101  7:03  Medivac, Marine x2  
  101  7:06  Armory  
  101  7:07  Supply Depot  
  101  7:08  SCV x3  
  108  7:14  Marine x3  
  109  7:21  Marine  
  109  7:27  Siege Tank, Marine x3, Supply Depot, SCV x2  
  109  7:28  SCV, Marine x2  
  120  7:31  Marine x2  
  120  7:32  Marine  
  123  7:39  Marine  
  122  7:45  Marine x3  
  122  7:46  Marine  
  122  7:47  Marine  
  122  7:49  Marine x2  
  125  7:55  Marine  
  125  7:56  Marine  
  116  7:59  Siege Tank  
  116  8:03  Marine x3  
  116  8:04  Marine  
  116  8:05  Marine  
  113  8:07  Marine  
  115  8:13  Marine  
  115  8:14  Marine  
  104  8:21  Marine x3  
  104  8:22  Marine  
  104  8:23  Marine  
  104  8:24  SCV x2  
  104  8:25  Marine  
  101  8:30  Terran Infantry Weapons Level 2, Terran Infantry Armor Level 2, Marine  
  101  8:31  Starport  
  101  8:32  Marine  
  103  8:38  Marine x3  
  103  8:39  Factory Tech Lab, Marine  
  103  8:41  Marine  
  105  8:42  SCV  
  105  8:43  SCV x2  
  105  8:45  Barracks Tech Lab  
  108  8:48  Marine  
  108  8:49  Missile Turret x2  
  108  8:50  Marine  
  110  8:56  Marine x3  
  110  8:57  Marine  
  110  8:58  Marine  
  115  9:04  Marine  
  115  9:06  Marine  
  115  9:08  Marine  
  107  9:11  Combat Shield  
  107  9:12  Siege Tank, Starport Reactor  
  107  9:14  Marine x3, SCV x3  
  107  9:15  Marine  
  107  9:16  Marine  
  118  9:18  Sensor Tower  
  118  9:19  Refinery  
  118  9:22  Marine  
  119  9:25  Marine  
  119  9:27  Barracks Reactor  
  120  9:32  Marine x3  
  120  9:33  Marine, SCV x3  
  120  9:34  Command Center, Marine  
  128  9:39  Marine  
  128  9:43  Supply Depot, Marine  
  128  9:44  Supply Depot  
  130  9:46  Supply Depot  
  130  9:50  Marine x3  
  130  9:51  Marine  
  133  10:05  Siege Tank, Medivac, Marine x3  
  133  10:06  Marine x2  
  143  10:07  Supply Depot, Marine x3  
  143  10:09  Marine  
  143  10:10  SCV x2  
  143  10:11  SCV  
  149  10:25  Marine x7  
  149  10:27  Marine x2  
  148  10:29  Medivac  
  148  10:35  Medivac  
  147  10:42  Siege Tank  
  135  10:43  Marine x6  
  135  10:44  Marine  
  135  10:45  Marine  
  135  10:47  SCV x2  
  135  10:48  Factory, SCV  
  141  10:50  Barracks Reactor  
  141  10:51  Refinery  
  141  10:58  Terran Infantry Weapons Level 3  
  141  10:59  Medivac  
  141  11:00  Missile Turret  
  141  11:01  Marine x6  
  141  11:02  Marine  
  141  11:03  Marine  
  151  11:05  Medivac  
  151  11:06  SCV x3  
  156  11:18  Planetary Fortress, SCV x3  
  159  11:19  Marine x6  
  159  11:20  Marine  
  159  11:21  Marine  
  167  11:29  Medivac  
  167  11:30  SCV  
  167  11:31  Marine x2  
  172  11:35  Supply Depot  
  172  11:37  Siege Tank x2, SCV x2, Supply Depot x2  
  180  11:45  Terran Infantry Armor Level 3  
  180  11:55  Barracks x2  
  180  11:56  Barracks  
  180  11:57  Marine x8  
  180  11:58  Marine x2  
  190  12:06  Medivac  
  192  12:09  Medivac  
  192  12:14  Marine x6  
  190  12:24  Marine x4  
  190  12:27  Siege Tank  
  190  12:28  Siege Tank  
  199  12:30  Sensor Tower  
  199  12:32  Marine  
  197  12:40  Marine x3  
  197  12:44  Command Center  
  197  13:00  Siege Tank  
  200  13:19  Barracks Reactor x3  
  199  13:29  Marine  
  189  13:40  Marine x2  
  189  13:41  Marine x4  
  176  13:42  Siege Tank x2, Medivac x2  
  176  13:43  Marine x3  
  176  13:47  Marine  
  190  13:49  SCV x4  
  194  13:58  Marine x6  
  194  14:01  Marine  
  200  14:04  Marine  
  199  14:13  Planetary Fortress  
  199  14:19  Command Center x2  
  199  14:20  Refinery  
  199  14:22  Command Center  
  176  14:25  Marine x2, Refinery  
  176  14:26  Marine x4  
  173  14:33  Marine x6  
  179  14:40  Marine x4  
  179  14:42  Siege Tank x2  
  179  14:43  Marine x2  
  176  14:51  Marine x8  
  176  14:52  Medivac x2  
  163  15:00  Marine x6  
  163  15:04  Marine x2  
  163  15:09  Marine x8  
  166  15:14  Siege Tank x2, SCV x2  
  166  15:15  SCV  
  166  15:18  Marine x6  
  178  15:22  Marine x2, Medivac x2  
  184  15:29  Marine x6  
  184  15:32  Marine x2  
  184  15:36  Marine x2  
  186  15:43  Marine x6  
  186  15:46  Siege Tank x2  
  186  15:47  Marine x2  
  182  16:06  Marine x2  
  182  16:07  Marine x6  
  182  16:09  Marine x6  
  182  16:10  Marine x2  
  171  16:21  Siege Tank  
  171  16:22  Siege Tank  
  171  16:24  Medivac, Marine x4  
  182  16:26  Marine  
  178  16:44  Marine x6  
  181  16:55  Medivac x2  
  181  16:59  Planetary Fortress  
  185  17:25  Marine x4  
  185  17:27  Orbital Command  
  185  17:29  Medivac x2  
  178  17:32  Marine x4  
  156  17:37  Marine x6  
  156  17:39  Marine x2  
  156  17:43  Marine x4  
  161  17:50  Marine x4  
  162  17:55  Marine x6  
  154  18:03  Marine x6  
  155  18:08  Marine x2  
  155  18:10  Marine x2  
  155  18:12  Marine x4  
  155  18:14  Marine x2  
  155  18:18  Siege Tank  
  158  18:21  Marine  
  143  18:41  Marine x4  
  143  18:45  Marine x8  
  145  18:50  Siege Tank x2  
  143  19:06  Marine x4  
  143  19:07  Marine x4  
Show
View Real Time Build Order
Export as new Build Order

Maru Terran - Winner!

Build Orders: Cyclone Opening 

Get SALT Encoding   

  12  0:00  SCV  
  13  0:12  SCV  
  14  0:16  Supply Depot  
  14  0:24  SCV  
  15  0:38  SCV  
  15  0:39  Barracks  
  16  0:43  Refinery  
  16  0:50  SCV  
  16  0:52  Refinery  
  17  1:02  SCV  
  18  1:14  SCV  
  19  1:26  Orbital Command, Reaper  
  19  1:29  Supply Depot  
  20  1:41  Factory  
  20  1:52  SCV  
  21  1:58  Reaper  
  22  2:04  SCV  
  23  2:16  Command Center, SCV  
  24  2:26  Cyclone  
  24  2:28  SCV  
  27  2:31  Supply Depot  
  27  2:33  Reaper  
  28  2:40  SCV  
  29  2:47  Starport  
  29  2:52  SCV  
  30  3:02  Factory Tech Lab  
  30  3:04  SCV  
  31  3:07  Barracks Reactor  
  31  3:16  SCV  
  32  3:21  Cyclone  
  32  3:24  Viking  
  32  3:25  Refinery  
  36  3:28  SCV  
  36  3:30  Orbital Command  
  37  3:41  SCV  
  37  3:51  Command Center  
  37  3:53  SCV  
  36  3:56  Siege Tank  
  36  3:58  SCV  
  36  4:02  Starport Tech Lab  
  40  4:05  SCV  
  40  4:06  Marine  
  40  4:08  Marine  
  43  4:10  SCV  
  44  4:17  SCV  
  44  4:21  Raven  
  44  4:22  SCV  
  44  4:24  Marine  
  49  4:26  Marine  
  49  4:29  SCV  
  49  4:30  Supply Depot  
  51  4:35  SCV  
  52  4:41  SCV  
  52  4:42  Barracks, Interference Matrix  
  52  4:45  Barracks  
  53  4:51  SCV  
  53  4:52  Factory Reactor  
  56  4:55  Raven  
  56  4:58  SCV  
  57  5:01  Engineering Bay  
  57  5:02  Engineering Bay  
  57  5:04  Orbital Command, SCV  
  58  5:08  Marine  
  58  5:10  Stimpack  
  58  5:13  SCV  
  60  5:17  Supply Depot  
  60  5:19  SCV  
  61  5:25  Refinery  
  61  5:29  Raven  
  61  5:32  Terran Infantry Weapons Level 1  
  61  5:35  Terran Infantry Armor Level 1  
  63  5:36  SCV x3  
  63  5:39  Marine  
  63  5:40  Marine x3  
  63  5:42  Factory Reactor, Marine  
  71  5:46  Supply Depot  
  71  5:50  SCV  
  71  5:53  SCV  
  71  5:57  Barracks, Marine x2  
  73  5:59  Barracks  
  73  6:02  Missile Turret  
  75  6:06  SCV  
  75  6:07  SCV x2  
  75  6:08  Missile Turret  
  78  6:12  Marine  
  78  6:13  Marine x2  
  78  6:15  Marine  
  78  6:17  Supply Depot  
  82  6:22  SCV x2  
  84  6:25  Medivac  
  84  6:26  Medivac  
  84  6:31  Siege Tank  
  84  6:32  Marine x2  
  93  6:37  Supply Depot  
  93  6:38  Marine x3  
  96  6:42  Supply Depot  
  96  6:43  Orbital Command, SCV x2  
  96  6:46  Marine x2  
  100  6:49  Combat Shield, Marine  
  101  6:58  SCV, Marine x2  
  101  6:59  Medivac  
  101  7:00  SCV  
  107  7:03  Siege Tank  
  107  7:05  Armory  
  110  7:10  SCV  
  110  7:11  SCV  
  110  7:14  Marine x2  
  115  7:17  Barracks Reactor  
  115  7:18  Barracks Reactor  
  115  7:19  Marine x2, SCV  
  114  7:23  Marine, SCV x2  
  117  7:32  Supply Depot  
  117  7:35  Medivac, SCV, Marine x2  
  117  7:36  Siege Tank  
  122  7:37  Marine x2  
  122  7:41  Marine  
  110  7:49  SCV  
  102  7:52  Marine x2  
  102  7:55  Marine  
  102  7:57  Medivac  
  102  7:58  SCV x2, Marine x3  
  105  8:04  Marine x3  
  105  8:05  Medivac  
  110  8:06  SCV  
  110  8:08  Siege Tank  
  110  8:10  SCV, Marine  
  110  8:11  SCV  
  117  8:18  Marine x3, SCV  
  116  8:23  SCV x2  
  114  8:27  Medivac  
  114  8:30  Reaper, SCV  
  114  8:32  Terran Infantry Weapons Level 2  
  118  8:38  Marine x4  
  118  8:41  Terran Infantry Armor Level 2  
  120  8:42  SCV  
  120  8:43  Marine, SCV x2  
  120  8:44  Marine  
  120  8:47  Marine x2  
  127  8:55  SCV  
  128  8:56  Marine x3  
  128  8:57  Marine  
  128  9:01  Marine  
  133  9:04  Marine x2  
  133  9:05  Siege Tank  
  133  9:08  Marine x2  
  112  9:11  SCV x2  
  112  9:13  Marine  
  112  9:14  SCV, Marine x2  
  112  9:15  Marine  
  115  9:17  Medivac  
  115  9:18  Medivac  
  115  9:19  Marine  
  115  9:21  Refinery x2  
  115  9:22  Marine x2  
  115  9:23  SCV  
  123  9:26  Marine x2  
  123  9:29  Sensor Tower, SCV, Supply Depot x2  
  123  9:30  SCV  
  127  9:31  Marine  
  127  9:35  SCV  
  127  9:36  Marine x2  
  131  9:41  SCV  
  131  9:43  Supply Depot  
  132  9:47  SCV  
  132  9:50  Siege Tank, SCV  
  132  9:51  Supply Depot  
  136  9:55  Terran Vehicle Weapons Level 1  
  136  9:56  Marine x2  
  138  10:04  Marine x6  
  138  10:06  Factory  
  144  10:08  SCV  
  144  10:11  Barracks Reactor  
  144  10:12  Viking x2  
  144  10:14  Marine x2  
  150  10:22  Marine x2  
  150  10:23  Siege Tank  
  150  10:27  Marine x2  
  154  10:29  Marine x2  
  154  10:34  Marine x2  
  154  10:39  Marine x2  
  154  10:42  Medivac x2  
  154  10:44  Marine  
  154  10:45  Marine  
  154  10:47  Marine x2  
  162  10:55  Siege Tank, Supply Depot x2  
  165  10:57  Command Center, Marine x2  
  165  11:00  Marine x3  
  165  11:03  Siege Tank  
  173  11:12  Marine x5  
  173  11:15  Marine x2  
  173  11:18  Marine  
  164  11:21  Marine x2  
  166  11:27  Siege Tank  
  166  11:29  Terran Infantry Weapons Level 3  
  166  11:30  Marine  
  170  11:33  Viking x2  
  170  11:34  Marine  
  170  11:35  Marine  
  170  11:36  Siege Tank  
  179  11:43  Marine x3  
  182  11:52  Missile Turret  
  182  11:53  Missile Turret  
  182  11:54  Missile Turret  
  182  11:55  Terran Infantry Armor Level 3, Missile Turret  
  182  12:00  Terran Vehicle Weapons Level 2  
  182  12:11  Siege Tank  
  184  12:17  Marine  
  184  12:19  Siege Tank, Marine  
  184  12:22  SCV x3  
  170  12:33  Marine x2  
  170  12:34  SCV x2  
  170  12:36  Planetary Fortress  
  173  12:43  SCV  
  173  12:46  SCV x2, Marine x2  
  173  12:50  Marine  
  173  12:51  Marine  
  170  12:55  SCV, Starport  
  170  12:56  Viking  
  170  12:57  Starport  
  168  12:58  SCV  
  168  12:59  SCV  
  168  13:00  Marine  
  168  13:01  Siege Tank x2, Sensor Tower, Marine  
  168  13:02  Marine  
  178  13:07  SCV  
  178  13:08  Viking  
  178  13:10  SCV  
  178  13:22  Marine  
  178  13:23  Marine  
  178  13:26  Liberator  
  178  13:27  Marine x3  
  177  13:35  Marine x3  
  177  13:36  Marine x2  
  177  13:38  Liberator  
  177  13:39  Siege Tank  
  169  13:42  Siege Tank, Marine x2  
  169  13:44  Command Center, Marine  
  169  13:48  Starport Tech Lab  
  175  13:49  Starport Tech Lab  
  175  13:50  Marine x2  
  175  13:53  Marine  
  175  13:54  Refinery x2  
  175  13:55  Marine x3  
  178  13:58  Supply Depot  
  181  14:09  Viking  
  183  14:13  Marine  
  183  14:16  Siege Tank x2  
  190  14:21  Viking, Marine x2  
  186  14:28  Marine x3  
  189  14:33  Marine x2  
  180  14:40  Marine x2  
  180  14:42  Raven  
  180  14:44  Marine x2  
  183  14:48  Siege Tank  
  185  14:53  Siege Tank, Starport  
  185  14:54  Marine x4  
  185  14:55  Marine  
  185  14:56  Marine  
  185  14:57  Marine  
  185  14:58  Marine  
  186  15:02  Marine x2  
  184  15:09  Viking  
  184  15:10  Viking  
  184  15:12  SCV, Marine  
  186  15:20  Siege Tank, Missile Turret, Marine  
  190  15:31  Raven  
  190  15:33  Marine x3  
  194  15:38  Marine  
  194  15:39  Siege Tank, Marine  
  196  15:44  Marine x3  
  196  15:45  Marine  
  185  16:05  Marine x2  
  185  16:06  Raven  
  185  16:09  Marine  
  178  16:23  Planetary Fortress, SCV x3  
  181  16:27  Siege Tank  
  181  16:28  Marine  
  181  16:32  Raven  
  187  16:33  Siege Tank  
  187  16:35  SCV x2  
  188  16:40  Raven  
  188  16:43  Marine x3  
  188  16:44  Marine  
  189  16:47  Marine  
  184  16:59  Siege Tank  
  184  17:00  Command Center  
  187  17:10  Marine  
  187  17:14  Siege Tank, Marine x2  
  193  17:18  Marine x2  
  193  17:20  Marine x2  
  197  17:28  Marine x2  
  197  17:29  Marine  
  192  17:31  Siege Tank  
  192  17:36  Marine  
  178  17:39  Marine  
  178  17:40  Marine x3  
  178  17:41  Marine  
  182  17:46  Marine  
  182  17:47  Siege Tank  
  182  17:48  Marine  
  170  17:54  Marine  
  170  17:56  Marine x2  
  164  18:03  Siege Tank  
  164  18:05  Marine x2  
  158  18:14  Marine x3  
  158  18:15  Marine x3  
  158  18:16  Medivac, Marine  
  158  18:19  Siege Tank  
  170  18:27  Marine  
  171  18:35  Marine x2  
  171  18:36  Siege Tank  
  171  18:41  Marine x2  
  162  18:44  Marine x2  
  166  18:48  Command Center, Medivac  
  167  18:59  Marine x2  
  167  19:00  Marine x2  

Tags
 
Add a new tag
Caveats
  • Supply blocks, unpowered buildings, or Contaminate may cause inaccurate times.
  • Supply counts are checked every 10 seconds.